 Dungeon Crawl Stone Soup version 0.28-a0-309-gf6d37e6e1d (webtiles) character file.

Game seed: 15091921258467680785

532 Ijustatesigmund the Cudgeller (level 7, 0/67 HPs)
             Began as a Gargoyle Fighter on Aug 30, 2021.
             Slain by a mummy (11 damage)
             ... in an ossuary.
             The game lasted 00:07:20 (5115 turns).

Ijustatesigmund the Cudgeller (Gargoyle Fighter)    Turns: 5115, Time: 00:07:21

Health: 0/67       AC: 23    Str: 19    XL:     7   Next: 24%
Magic:  7/7        EV:  2    Int:  9    God:
Gold:   253        SH:  9    Dex: 11    Spells: 6/6 levels left

rFire   . . .      SeeInvis .   d - +4 whip (elec)
rCold   . . .      Faith    .   c - +1 kite shield
rNeg    + + +      Spirit   .   (armour currently unavailable)
rPois   ∞          Reflect  .   (helmet currently unavailable)
rElec   .          Harm     .   (cloak currently unavailable)
rCorr   .          Rampage  .   (gloves currently unavailable)
Will    .....      NoTele   +   (boots currently unavailable)
Stlth   ++........              (no amulet)
HPRegen 0.21/turn               (no ring)
MPRegen 0.10/turn               (no ring)

@: tree-form
A: stationary, stasis, torment immunity, boosted hp, sickness immunity, AC +4,
negative energy resistance 1, (electricity resistance), torment resistance 1,
petrification resistance, thin skeletal structure 1, clumsy 1
a: no special abilities


You were in an ossuary.
You were a tree.
You visited 2 branches of the dungeon, and saw 6 of its levels.
You also visited: Ossuary.

You collected 305 gold pieces.
You spent 52 gold pieces at shops.

Inventory:

Hand Weapons
 a - a +0 flail
 d - a +4 whip of electrocution (weapon)
Missiles
 g - 7 silver javelins (quivered)
Armour
 b - a +0 scale mail (melded)
 c - a +1 kite shield (worn)
Jewellery
 e - an amulet of the acrobat
 i - a ring of willpower
Scrolls
 h - a scroll of fog
 k - a scroll of teleportation
Potions
 f - a potion of degeneration {unknown}
 j - a potion of ambrosia
 l - a potion of attraction {unknown}
 m - a potion of might
 n - a potion of curing
 q - a potion of lignification


   Skills:
 + Level 5.7 Fighting
 + Level 6.1 Maces & Flails
 + Level 3.9 Armour
 - Level 3.2 Shields


You had 6 spell levels left.
You didn't know any spells.
Your spell library contained the following spells:

 Spells                   Type           Power      Damage    Failure   Level
 Animate Skeleton         Necr           0%         N/A       88%         1
 Pain                     Necr           0%         1d4       88%         1
 Vampiric Draining        Necr           0%         2d6       99%         3
 Fireball                 Conj/Fire      0%         3d3       100%        5
 Iskenderun's Battlesphe  Conj           0%         2d6       100%        5
 Conjure Ball Lightning   Conj/Air       0%         3x3d6     100%        6
 Orb of Destruction       Conj           0%         N/A       100%        7


Dungeon Overview and Level Annotations

Branches:
Dungeon (5/15)             Temple (1/1) D:4         Ossuary (1/1)

Altars:
Ashenzari
Cheibriados
Dithmenos
Elyvilon
Fedhas
Kikubaaqudgha
Makhleb
Nemelex Xobeh
Qazlal
Ru
Sif Muna
Trog
Uskayaw
Vehumet
Wu Jian
Xom
The Shining One

Shops:
D:2 ?


Innate Abilities, Weirdness & Mutations

You are a tree.
Your roots penetrate the ground, keeping you stationary.
You cannot be teleported.
You are immune to unholy pain and torment.
Your maximum health is greatly increased.
Your equipment is partially melded.
You are immune to sickness and miasma.
((Your stone body is resilient. (AC +4)))
You are immune to poison.
You resist negative energy. (rN+)
((You are resistant to electric shocks. (rElec)))
You are resistant to unholy torment.
You are immune to petrification.
You have a somewhat thin skeletal structure. (Dex +2, Stealth+)
You are clumsy. (Dex -2)


Message History

The mummy is heavily damaged.
The mummy hits you but does no damage.
You hit the mummy.
The mummy is severely damaged.
You whack the mummy! Lightning courses through the mummy!
You destroy the mummy!
No target in view!
No target in view!
No target in view!
No target in view!
There is a sand-covered staircase here.
The world spins around you as you enter the gateway.
You enter an ossuary!
Found a gate leading back out of this place.
There is an empty arch of ancient stone here.
You completely miss the mummy. You hit the mummy but do no damage.
The mummy hits you but does no damage.
You closely miss the mummy. The mummy hits you!
You hit the mummy.
The mummy is lightly damaged.
The mummy hits you!
You hit the mummy.
The mummy is lightly damaged.
The mummy hits you. x2; The mummy hits you!
* * * LOW HITPOINT WARNING * * *
You are too injured to fight recklessly!
You are too injured to fight recklessly!
You are too injured to fight recklessly!
You are too injured to fight recklessly!
You are too injured to fight recklessly!
You are too injured to fight recklessly!
You are too injured to fight recklessly!
You are too injured to fight recklessly!
You are too injured to fight recklessly!
You are too injured to fight recklessly!
You are too injured to fight recklessly!
It was a potion of lignification.
You turn into a tree.
Your +0 scale mail melds into your body.
Your roots penetrate the ground.
The mummy hits you!
You die...

#
###########.#
##.M♣.....^..^
#..MM.......^^
#.....∩.∩.....
#.............
##.........^..
###########.#
#


You could see 3 mummies.

Vanquished Creatures
  Duvessa (D:4)
  Dowan (D:4)
  A wyvern skeleton (D:5)
  A crimson imp (D:4)
  A hound (D:2)
  An orc priest (D:3)
  An iguana (D:4)
  A killer bee zombie (D:5)
  A mummy (D:5)
  A hound skeleton (D:5)
  A gnoll (D:1)
  4 adders
  2 white imps
  An ufetubus (D:4)
  3 worms
  4 dart slugs
  4 orcs (D:3)
  3 endoplasms
  4 goblins
  6 hobgoblins
  6 jackals
  8 kobolds
  4 quokkas
  5 ball pythons
  3 bats
  3 frilled lizards
  9 rats
80 creatures vanquished.

Notes
Turn   | Place    | Note
-------+----------+-------------------------------------------
     0 | D:1      | Ijustatesigmund the Gargoyle Fighter began the quest for
                  | the Orb.
     0 | D:1      | Reached XP level 1. HP: 14/14 MP: 1/1
   159 | D:1      | Reached XP level 2. HP: 19/19 MP: 2/2
   340 | D:1      | Reached skill level 3 in Maces & Flails
   521 | D:1      | Reached XP level 3. HP: 24/24 MP: 3/3
   580 | D:1      | Noticed an eye of devastation
   582 | D:1      | Found a faded altar of an unknown god.
   587 | D:1      | Noticed a floating eye
   587 | D:1      | Noticed an eye of devastation
   587 | D:1      | Noticed a floating eye
  1306 | D:2      | Reached XP level 4. HP: 2/29 MP: 4/4
  1658 | D:2      | Found Esatut's Magic Scroll Emporium.
  1666 | D:2      | Bought a scroll of fog for 26 gold pieces
  1666 | D:2      | Bought a scroll of identify for 26 gold pieces
  1718 | D:2      | Reached skill level 4 in Maces & Flails
  2034 | D:3      | Reached XP level 5. HP: 24/34 MP: 5/5
  3152 | D:4      | Reached skill level 5 in Maces & Flails
  3237 | D:4      | Gained mutation: You are covered in fur. (AC +1) [potion of
                  | mutation]
  3237 | D:4      | Gained mutation: Armour fits poorly on your strangely
                  | shaped body. [potion of mutation]
  3237 | D:4      | Gained mutation: You have a somewhat thin skeletal
                  | structure. (Dex +2, Stealth+) [potion of mutation]
  3240 | D:4      | Reached XP level 6. HP: 9/40 MP: 6/6
  3242 | D:4      | Lost mutation: You are covered in fur. (AC +1) [potion of
                  | mutation]
  3242 | D:4      | Lost mutation: Armour fits poorly on your strangely shaped
                  | body. [potion of mutation]
  3242 | D:4      | Gained mutation: You are clumsy. (Dex -2) [potion of
                  | mutation]
  3506 | D:4      | Noticed Dowan
  3506 | D:4      | Noticed Duvessa
  3535 | D:4      | Killed Duvessa
  3536 | D:4      | Reached skill level 5 in Fighting
  4107 | D:4      | Found a staircase to the Ecumenical Temple.
  4190 | D:4      | Killed Dowan
  4508 | D:4      | Found a shimmering blue altar of Sif Muna.
  4648 | Temple   | Entered the Ecumenical Temple
  4755 | D:5      | Entered Level 5 of the Dungeon
  4763 | D:5      | Reached skill level 6 in Maces & Flails
  4763 | D:5      | Reached XP level 7. HP: 22/44 MP: 7/7
  4996 | D:5      | Found a broken altar of Ashenzari.
  4999 | D:5      | Found a hide-covered altar of Uskayaw.
  5007 | D:5      | Found a sacrificial altar of Ru.
  5009 | D:5      | Found a stormy altar of Qazlal.
  5020 | D:5      | Found a sparkling altar of Nemelex Xobeh.
  5021 | D:5      | Found a snail-covered altar of Cheibriados.
  5097 | D:5      | Found a sand-covered staircase.
  5107 | Ossuary  | Entered an ossuary
  5115 | Ossuary  | Slain by a mummy

Illustrated notes

Levels and vault maps discovered:
D:1:      matt_arrival_diagonals, layout_basic,
          hellmonk_ecumenical_altar_watching_god, minmay_rat_gold_closets
D:2:      layout_basic, serial_shops, shop
D:3:      layout_loops_cross
D:4:      layout_loops_ring, nicolae_sif_muna_little_library,
          lemuel_temple_firewalk_a, corexii_shack, minmay_fire_ice_demons,
          uniq_duvessa
D:5:      layout_cave_pods, grunt_temple_overflow_open,
          gup_ossuary_entry_pyramid, grunt_ministairs_2, uniq_grinder
Temple:   eino_temple_lava
Ossuary:  ossuary_the_hunt_dpeg

Skill      XL: |  1  2  3  4  5  6 |
---------------+-------------------+-----
Maces & Flails | 3 4 5 6 |  6.1
Fighting       | 4 5 |  5.7
Armour         | |  3.9
Shields        | |  3.2

Action                   |  1- 3 |  4- 6 |  7- 9 || total
-------------------------+-------+-------+-------++-------
Melee: Flail             |   140 |   209 |       ||   349
       Whip              |       |    38 |    21 ||    59
  Use: Scroll            |       |     4 |     3 ||     7
       Potion            |       |     5 |     1 ||     6
Armor: Scale mail        |    81 |   129 |     7 ||   217
Dodge: Dodged            |    63 |    66 |     5 ||   134
Block: Kite shield       |    71 |   107 |     4 ||   182

Table legend: (Time is in decaauts)
 A = Elapsed time spent in this place.
 B = Non-inter-level travel time spent in this place.
 C = Inter-level travel time spent in this place.
 D = Time resting spent in this place.
 E = Time spent auto-exploring this place.
 F = Levels seen in this place.
 G = Mean time per level.
                   A        B        C        D        E       F      G
               +--------+--------+--------+--------+--------+-----+--------+
         Total |   5270 |   5127 |    143 |   1067 |   3089 |   7 |  752.9 |
       Dungeon |   5187 |   5052 |    135 |   1067 |   3025 |   5 | 1037.4 |
        Temple |     74 |     67 |      7 |      0 |     64 |   1 |   74.0 |
       Ossuary |      8 |      8 |      0 |      0 |      0 |   1 |    8.0 |
               +--------+--------+--------+--------+--------+-----+--------+

Top non-repeatable levels by time:
     D:4: 1967 daAuts
     D:1: 1085 daAuts
     D:2: 1002 daAuts
     D:3: 780 daAuts
     D:5: 352 daAuts
  Temple: 74 daAuts
 Ossuary: 8 daAuts
